 Dungeon Crawl Stone Soup version 0.30-a0-924-g0ad0bf95bc (webtiles) character file.

Game seed: 9461857737400100094

884 xian the Shooter (level 7, -8/53 HPs)
             Began as a Demonspawn Reaver on Mar 23, 2023.
             Was an Initiate of Fedhas.
             Mangled by a wyvern (9 damage)
             ... on level 5 of the Dungeon.
             The game lasted 00:14:25 (4680 turns).

xian the Shooter (Demonspawn Reaver)                Turns: 4680, Time: 00:14:25

Health: -8/53      AC: 11    Str: 18    XL:     7   Next: 76%
Magic:  10/10      EV: 14    Int: 16    God:    Fedhas [......]
Gold:   267        SH:  5    Dex: 16    Spells: 7/10 levels left

rFire   . . .      SeeInvis .    q - +3 sling of the Chewing Genius {freeze, rElec Dex+4}
rCold   + . .      Faith    .    (no shield)
rNeg    . . .      Spirit   .    v - +1 ring mail {rC+}
rPois   .          Reflect  +    (no helmet)
rElec   +          Rampage  .    (no cloak)
rCorr   .                        y - +0 pair of gloves
Will    .....                    (no boots)
Stlth   ++                       B - amulet of reflection
HPRegen 0.28/turn                p - +4 ring of protection
MPRegen 0.12/turn                a - +6 ring of strength

@: mighty
A: claws 1, repulsion field 1, demonic guardian 1, powered by pain 1
a: Renounce Religion


You were on level 5 of the Dungeon.
You worshipped Fedhas.
Fedhas was noncommittal.
You visited 2 branches of the dungeon, and saw 7 of its levels.

You collected 267 gold pieces.

Inventory:

Hand Weapons
 c - a +2 dagger of venom
 q - the +3 sling of the Chewing Genius (weapon) {freeze, rElec Dex+4}
   (You found it on level 3 of the Dungeon)

   Dex:       It affects your dexterity (+4).
   rElec:     It insulates you from electricity.
Missiles
 x - 6 boomerangs of dispersal
Armour
 v - a +1 ring mail of cold resistance (worn)
 y - a +0 pair of gloves (worn)
Magical Staves
 o - a staff of conjuration
Jewellery
 a - a +6 ring of strength (right hand)
 p - a +4 ring of protection (left hand)
 B - an amulet of reflection (around neck)
Wands
 t - a wand of digging (7)
Scrolls
 f - 3 scrolls of enchant armour {unknown}
 i - a scroll of brand weapon {unknown}
 j - 2 scrolls of teleportation {unknown}
 k - 2 scrolls of blinking {unknown}
 m - a scroll of magic mapping {unknown}
 n - 5 scrolls of identify {unknown}
 r - a scroll of fear {unknown}
 u - a scroll of poison {unknown}
 C - a scroll of torment {unknown}
Potions
 b - a potion of brilliance {unknown}
 d - 2 potions of flight {unknown}
 e - 2 potions of degeneration {unknown}
 g - 3 potions of attraction
 h - a potion of might
 l - 2 potions of curing
 s - a potion of ambrosia {unknown}
 w - a potion of cancellation {unknown}
 z - a potion of magic {unknown}
 A - a potion of berserk rage {unknown}


   Skills:
 + Level 3.8 Fighting
 + Level 3.6 Axes
 + Level 4.7 Ranged Weapons
 + Level 2.4 Armour
 + Level 2.7 Dodging
 + Level 2.5 Stealth
 + Level 0.1 Shields
 + Level 2.3 Spellcasting
 + Level 3.4 Conjurations
 + Level 0.3 Necromancy
 + Level 0.3 Translocations


You had 7 spell levels left.
You knew the following spells:

 Your Spells              Type           Power      Damage    Failure   Level
a - Kiss of Death         Conj/Necr      28%        2d7       16%         1
b - Momentum Strike       Conj/Tloc      14%        3d8       24%         2

Your spell library contained the following spells:

 Spells                   Type           Power      Damage    Failure   Level
 Hailstorm                Conj/Ice       7%         3d4       45%         3


Dungeon Overview and Level Annotations

Branches:
Dungeon (6/15)             Temple (1/1) D:6

Altars:
Ashenzari
Cheibriados
Dithmenos
Fedhas
Gozag
Makhleb
Nemelex Xobeh
Okawaru
Qazlal
Trog
Uskayaw
Vehumet
Wu Jian
Xom
Yredelemnul

Shops:
D:4 [

Annotations:
D:6 Dowan, Duvessa


Innate Abilities, Weirdness & Mutations

You have sharp fingernails.
You are surrounded by a mild repulsion field. (EV +2)
A weak demonic guardian rushes to your aid.
You sometimes gain a little power by taking damage.


Message History

The wyvern bites you.
* * * LOW HITPOINT WARNING * * *
The wyvern barely misses you.
Really quaff the potion of attraction?
Okay, then.
It was a potion of might.
You feel mightier all of a sudden. The wyvern misses you.
Fire: q) +3 sling of the Chewing Genius {freeze, rElec Dex+4}
Press: ? - help, Q - select action, (/) - cycle Shift-Dir - straight line, f/p - wyvern
Aim: a wyvern (lightly wounded, 64% to hit)
You shoot a sling bullet. The sling bullet hits the wyvern.
The sling bullet freezes the wyvern.
The wyvern is heavily wounded.
The wyvern barely misses you. The wyvern bites you!
* * * LOW HITPOINT WARNING * * *
A demonic guardian appears!
The wyvern barely misses you. You block the wyvern's attack.
The wyvern closely misses you.
Your iron imp hits the wyvern.
The wyvern bites something!
The wyvern bites your iron imp!
Your iron imp dies!
Your iron imp disappears in a puff of smoke!
Fire: q) +3 sling of the Chewing Genius {freeze, rElec Dex+4}
Press: ? - help, Q - select action, (/) - cycle Shift-Dir - straight line, f/p - wyvern
Aim: a wyvern (severely wounded, unaware, hasn't noticed you, 64% to hit)
You shoot a sling bullet. The wyvern hisses angrily.
The sling bullet hits the wyvern.
The sling bullet freezes the wyvern.
The wyvern is almost dead.
The wyvern bites you.
* * * LOW HITPOINT WARNING * * *
Fire: q) +3 sling of the Chewing Genius {freeze, rElec Dex+4}
Press: ? - help, Q - select action, (/) - cycle Shift-Dir - straight line, f/p - wyvern
Aim: a wyvern (almost dead, 64% to hit)
You shoot a sling bullet.
The sling bullet barely misses the wyvern.
The wyvern bites you but does no damage.
The wyvern bites you!
You die...
Fedhas appreciates your contribution to the ecosystem.

##### #.# ###### #...# #.#
#...# #.# #...# ####.#######
###...####...§.§....#
.........'......>...#
......####..........# ##....#
####.##l#### #....# #.##@#
##.##########.##.#############
..............##.............#
##.#############.###########.#
#........#.............# #.#
#..####.##.####.#......# #.#
#..####.##.# #.#......# #.#
###.#.......####.#..##.#####.#
# #...##...........<##.......#


You could see a wyvern.

Vanquished Creatures
  An ice beast (D:5)
  An orc warrior (D:5)
  A phantom (D:5)
  Blork the orc (D:5)
  2 scorpions
  3 jellies
  2 hounds (D:5)
  Ijyb (D:3)
  Terence (D:3)
  An iguana (D:6)
  2 orc wizards
  4 gnolls (D:4)
  5 adders
  A white imp (D:5)
  A dart slug (D:5)
  13 orcs
  7 endoplasms
  4 giant cockroaches
  4 goblins
  4 hobgoblins
  12 kobolds
  4 quokkas
  8 ball pythons
  2 bats (D:3)
  5 frilled lizards
  A rat (D:1)
91 creatures vanquished.

Vanquished Creatures (collateral kills)
  An endoplasm (D:3)
  A ball python (D:2)
  A goblin (D:2)
  A kobold (D:2)
4 creatures vanquished.

Grand Total: 95 creatures vanquished

Notes
Turn   | Place    | Note
-------+----------+-------------------------------------------
     0 | D:1      | xian the Demonspawn Reaver began the quest for the Orb.
     0 | D:1      | Reached XP level 1. HP: 16/16 MP: 3/3
   178 | D:1      | Gained mutation: A weak demonic guardian rushes to your
                  | aid. [demonic ancestry]
   178 | D:1      | Reached XP level 2. HP: 22/22 MP: 5/5
   211 | D:1      | Learned a level 2 spell: Momentum Strike
  1163 | D:2      | Gained mutation: You are surrounded by a mild repulsion
                  | field. (EV +2) [demonic ancestry]
  1163 | D:2      | Reached XP level 3. HP: 28/28 MP: 1/6
  1602 | D:3      | Noticed Terence
  1608 | D:3      | Killed Terence
  1609 | D:3      | Reached skill level 1 in Stealth
  1609 | D:3      | Reached XP level 4. HP: 28/33 MP: 3/7
  1655 | D:3      | Noticed Ijyb
  1668 | D:3      | Killed Ijyb
  1864 | D:3      | Identified the +3 sling of the Chewing Genius {freeze,
                  | rElec Dex+4}
  1926 | D:3      | Noticed a scorpion
  1945 | D:3      | Killed a scorpion
  1946 | D:3      | Reached skill level 1 in Armour
  1946 | D:3      | Reached XP level 5. HP: 35/39 MP: 2/8
  2448 | D:4      | Reached skill level 1 in Ranged Weapons
  2504 | D:4      | Found Geticruk's Armour Shop.
  2544 | D:4      | Gained mutation: You sometimes gain a little power by
                  | taking damage. [demonic ancestry]
  2544 | D:4      | Reached XP level 6. HP: 46/46 MP: 9/9
  3044 | D:5      | Entered Level 5 of the Dungeon
  3112 | D:5      | Reached skill level 2 in Ranged Weapons
  3866 | D:5      | Noticed Blork the orc
  3876 | D:5      | Killed Blork the orc
  3877 | D:5      | Reached skill level 3 in Ranged Weapons
  3877 | D:5      | Gained mutation: You have sharp fingernails. [demonic
                  | ancestry]
  3877 | D:5      | Reached XP level 7. HP: 51/52 MP: 10/10
  4076 | D:6      | Found a staircase to the Ecumenical Temple.
  4133 | D:5      | Reached skill level 4 in Ranged Weapons
  4426 | Temple   | Entered the Ecumenical Temple
  4504 | Temple   | Became a worshipper of Fedhas Madash
  4553 | D:6      | Noticed Dowan
  4556 | D:6      | Noticed a wyvern
  4570 | D:6      | Noticed Duvessa
  4679 | D:5      | HP: 1/53 [wyvern (6)]
  4680 | D:5      | Mangled by a wyvern

Illustrated notes

Levels and vault maps discovered:
D:1:      dpeg_arrival_signposts, layout_rooms
D:2:      layout_loops_ring
D:3:      layout_basic, columned_hall_lemuel, grunt_decor_arrowhead, uniq_ijyb,
          uniq_terence
D:4:      layout_cave_pods, serial_shops, shop
D:5:      layout_basic, uniq_blork_the_orc
D:6:      layout_rooms, temple_statues, corexii_corridor_pit, uniq_duvessa
Temple:   compressed_dpeg_circular_temple

Skill      XL: |  1  2  3  4  5  6  7 |
---------------+----------------------+-----
Axes           | 3 |  3.6
Dodging        | 2 |  2.7
Stealth        | 1 2 |  2.5
Armour         | 1 2 |  2.4
Ranged Weapons | 1 3 4 |  4.7
Fighting       | 3 |  3.8
Shields        | |  0.1
Spellcasting   | |  2.3
Conjurations   | |  3.4
Necromancy     | |  0.3
Translocations | |  0.3

Action                     |  1- 3 |  4- 6 |  7- 9 || total
---------------------------+-------+-------+-------++-------
  Melee: Hand axe          |    78 |    26 |       ||   104
         Punch             |     1 |       |       ||     1
         Sling             |       |       |     1 ||     1
   Fire: Sling             |       |   101 |   112 ||   213
   Cast: Momentum Strike   |     4 |     2 |       ||     6
         Kiss of Death     |     1 |     1 |       ||     2
    Use: Potion            |       |       |     3 ||     3
   Stab: Sleeping          |     3 |     2 |       ||     5
 Armour: Leather armour    |    16 |     7 |       ||    23
         Ring mail         |       |    20 |    36 ||    56
  Dodge: Dodged            |    58 |    53 |    60 ||   171
  Block: Other             |       |       |    19 ||    19

Table legend: (Time is in decaauts)
 A = Elapsed time spent in this place.
 B = Non-inter-level travel time spent in this place.
 C = Inter-level travel time spent in this place.
 D = Time resting spent in this place.
 E = Time spent auto-exploring this place.
 F = Levels seen in this place.
 G = Mean time per level.
                   A        B        C        D        E       F      G
               +--------+--------+--------+--------+--------+-----+--------+
         Total |   4772 |   4578 |    194 |    202 |   2966 |   7 |  681.7 |
       Dungeon |   4657 |   4463 |    194 |    202 |   2966 |   6 |  776.2 |
        Temple |    114 |    114 |      0 |      0 |      0 |   1 |  114.0 |
               +--------+--------+--------+--------+--------+-----+--------+

Top non-repeatable levels by time:
     D:5: 1406 daAuts
     D:2: 845 daAuts
     D:4: 798 daAuts
     D:3: 731 daAuts
     D:1: 707 daAuts
     D:6: 168 daAuts
  Temple: 114 daAuts
